 Dungeon Crawl Stone Soup version 0.23.2-33-g5129a83184 (webtiles) character file.

Game seed: 3929805588775037897

23 HEYYEYAAE the Cudgeler (level 2, -5/29 HPs)
             Began as a Troll Berserker on July 4, 2019.
             Was a Follower of Trog.
             Slain by a phantom (7 damage)
             ... on level 2 of the Dungeon.
             The game lasted 00:01:10 (1014 turns).

HEYYEYAAE the Cudgeler (Troll Berserker)            Turns: 1014, Time: 00:01:10

Health: -5/29      AC:  6    Str: 24    XL:     2   Next: 75%
Magic:  1/1        EV: 10    Int:  3    God:    Trog [*.....]
Gold:   50         SH:  0    Dex:  9    Spells: 1/1 levels left

rFire    . . .     SeeInvis .   a - +0 mace
rCold    . . .     Gourm    +   (no shield)
rNeg     . . .     Faith    .   b - +0 animal skin
rPois    .         Spirit   .   (helmet restricted)
rElec    .         Reflect  .   (no cloak)
rCorr    .         Harm     .   (gloves unavailable)
MR       .....                  (boots unavailable)
Stlth    +.........             (no amulet)
HPRegen  0.49/turn              (no ring)
MPRegen  0.07/turn              (no ring)

@: confused, berserk cooldown, slowed, very slow
A: large, unfitting armour, claws 3, fast metabolism 3, gourmand, regeneration
1, shaggy fur 1, tough skin 3
a: Berserk, Renounce Religion


You were on level 2 of the Dungeon.
You worshipped Trog.
Trog was aware of your devotion.
You were very full.

You visited 1 branch of the dungeon, and saw 3 of its levels.

You collected 50 gold pieces.

Inventory:

Hand Weapons
 a - a +0 mace (weapon)
Armour
 b - a +0 animal skin (worn)
Jewellery
 i - an uncursed ring of protection from magic {unknown}
Scrolls
 f - 3 scrolls of identify {unknown}
 j - a scroll of fear {unknown}
 k - a scroll of blinking {unknown}
 m - a scroll of teleportation {unknown}
Potions
 d - a potion of cancellation {unknown}
 e - a potion of heal wounds {unknown}
 g - a potion of curing {unknown}
 h - a potion of invisibility {unknown}
 l - a potion of berserk rage {unknown}
Comestibles
 c - 4 rations
 n - a chunk of flesh


   Skills:
 - Level 2.4 Fighting
 + Level 3.7 Maces & Flails
 - Level 2.4 Dodging


You had one spell level left.
You didn't know any spells.
Your spell library was empty.

Dungeon Overview and Level Annotations

Branches:
Dungeon (3/15)

Altars:

Annotations:
D:2 Sigmund


Innate Abilities, Weirdness & Mutations

You are too large for most types of armour.
You have claws for hands.
Your metabolism is lightning-fast.
You like to eat raw meat.
Your natural rate of healing is unusually fast.
You are covered in fur. (AC +1)
You have extremely tough skin. (AC +3)


Message History

You hear some strange, mumbled words.
You are more confused.
You bump into the rock wall.
You feel a strong urge to attack something.
You are no longer berserk.
You are exhausted.
You feel yourself slow down. The frilled lizard barely misses you.
You closely miss something. Something completely misses you.
The phantom completely misses you. The frilled lizard barely misses you.
Something hits you!
* * * LOW HITPOINT WARNING * * *
The phantom hits you but does no damage.
You barely miss something. The frilled lizard closely misses you.
The phantom hits you but does no damage.
The frilled lizard bites you but does no damage.
Something hits you!
* * * LOW HITPOINT WARNING * * *
Unknown command.
The phantom hits you!
You die...

###########.###
#.....).......#
#######.###########.#
#....##.# #<# #.##.##.#
### #.##.##.#
#.##....##########
###.######W.{.......
#.........@#l######
#.......##.#.#
#.#......#.#.######
#..<...#...#.##...######
....#....#................
##..##......##.##...####
#. #..###....##...# #.
....# #######...# ##...
.........#


You could see a phantom.

Vanquished Creatures
  2 leopard geckos
  An orc (D:3)
  5 goblins
  3 hobgoblins
  A kobold (D:1)
  A ball python (D:3)
  2 bats (D:1)
  3 rats (D:1)
18 creatures vanquished.

Notes
Turn   | Place    | Note
-------+----------+-------------------------------------------
     0 | D:1      | HEYYEYAAE the Troll Berserker began the quest for the Orb.
     0 | D:1      | Reached XP level 1. HP: 22/22 MP: 0/0
   155 | D:1      | Reached skill level 3 in Maces & Flails
   223 | D:1      | Reached XP level 2. HP: 29/29 MP: 1/1
   917 | D:2      | Noticed Sigmund
   939 | D:2      | Noticed a phantom
   942 | D:2      | HP: 1/29 [something (11)]
  1013 | D:2      | HP: 1/29 [something (7)]
  1014 | D:2      | Slain by a phantom

Skill      XL: |  1 |
---------------+----+-----
Maces & Flails | 3 |  3.7
Fighting       | |  2.4
Dodging        | |  2.4

Action                   || total
-------------------------++-------
Melee: Mace              ||    72
Invok: Berserk           ||     2
  Eat: Chunk             ||    16
Armor: Animal skin       ||    32
Dodge: Dodged            ||    51
